 Dungeon Crawl Stone Soup version 0.18.1-1-g2f07953 (webtiles) character file.

181 Gorfmaster the Chopper (level 5, -2/41 HPs)
             Began as a Demonspawn Abyssal Knight on Sept 30, 2016.
             Was a Priest of Lugonu.
             Killed from afar by an orc wizard (10 damage)
             ... with a puff of flame
             ... on level 4 of the Dungeon.
             The game lasted 00:15:29 (3470 turns).

Gorfmaster the Chopper (Demonspawn Abyssal Knight)  Turns: 3470, Time: 00:15:29

Health: -2/41      AC: 13    Str: 13    XL:     5   Next: 34%
Magic:  6/6        EV:  3    Int: 14    God:    Lugonu [***...]
Gold:   173        SH:  0    Dex: 14    Spells: 0 memorised, 4 levels left

rFire  . . .     SeeInvis .     l - +0 war axe
rCold  . . .     Gourm    .     m - +0 plate armour
rNeg   . . .     Faith    .     (no shield)
rPois  .         Spirit   .     (no helmet)
rElec  .         Dismiss  .     (no cloak)
rCorr  .         Reflect  .     j - +1 pair of gloves
SustAt .         Harm     .     i - +0 pair of boots
MR     .....                    (no amulet)
Stlth  ..........               (no ring)
                                (no ring)

@: not resistant to hostile enchantments, extremely unstealthy
A: thin skeletal structure 1, nightstalker 2
a: Depart the Abyss, Bend Space, Banish, Renounce Religion


You were on level 4 of the Dungeon.
You worshipped Lugonu.
Lugonu was most pleased with you.
You were near starving.

You visited 1 branch of the dungeon, and saw 4 of its levels.
You visited the Abyss 1 time.

You collected 173 gold pieces.

Inventory:

Hand Weapons
 l - a +0 war axe (weapon)
Armour
 i - a +0 pair of boots (worn)
 j - a +1 pair of gloves (worn)
 m - a +0 plate armour (worn)
Wands
 a - a wand of slowing (6/48)
 b - a wand of iceblast (8/15)
Scrolls
 g - 4 scrolls of identify
Potions
 k - a potion of ambrosia
Comestibles
 c - 3 bread rations
 d - 3 meat rations
 f - a slice of pizza
 h - a beef jerky


   Skills:
 - Level 3.0 Fighting
 + Level 5.1 Axes
 - Level 1.7 Armour
 - Level 0.8 Dodging
 - Level 2.4 Invocations


You had 4 spell levels left.
You didn't know any spells.

Dungeon Overview and Level Annotations

Branches:
Dungeon (4/15)
 Temple: D:4-7

Altars:
Okawaru
Vehumet

Annotations:
D:4 Menkaure


Innate Abilities, Weirdness & Mutations

You have a somewhat thin skeletal structure (Dex +2, Stealth).
You are significantly more attuned to the shadows.


Message History

The orc wizard is almost dead.
The orc wizard hits you but does no damage.
The orc wizard gestures at you while chanting.
The magic dart hits you!
* * * LOW HITPOINT WARNING * * *
Your plate armour prevents you from hitting the orc wizard.
The orc wizard is almost dead.
The orc wizard casts a spell at you. The puff of flame hits you!
* * * LOW HITPOINT WARNING * * *
The orc wizard casts a spell.
The orc wizard flickers and vanishes!
Deactivating autopickup; reactivate with Ctrl-A.
You hit something. Something hits you but does no damage.
Menkaure's bandages flutter.
You barely miss something.
You hear some strange, mumbled words.
A puff of flame appears from out of thin air!
The puff of flame hits you!
You die...

.....##.........
##(.............
##.............. Mo
................ ..
###..##...#####'#o
####.##..... .l. .#
#..###.## #M# .# #.#
##{######### .#
#.####.)@.......# .#
#...............# .#
#####...........# .#
#...........## ##
#............# #
#............# ####
..#..#.......###..#
....
..#..#.......'_#..#
###
#....#.......###..###


You could see Menkaure and an iguana.

Vanquished Creatures
  An orc priest (D:4)
  A worker ant (D:3)
  4 adders
  An adder zombie (D:4)
  A worm (D:4)
  2 dart slugs (D:2)
  A giant gecko (D:4)
  11 orcs
  9 goblins
  12 hobgoblins
  7 jackals
  2 kobolds (D:2)
  2 ball pythons
  7 bats
  6 giant newts
  A jackal skeleton (D:4)
  5 rats
73 creatures vanquished.

Notes
Turn   | Place    | Note
--------------------------------------------------------------
     0 | Abyss:1  | Gorfmaster the Demonspawn Abyssal Knight began the quest for the Orb.
     0 | Abyss:1  | Reached XP level 1. HP: 18/18 MP: 2/2
    13 | D:1      | Escaped the Abyss
    17 | D:1      | Reached skill level 2 in Axes
   343 | D:1      | Gained mutation: You are slightly more attuned to the shadows. [demonic ancestry]
   343 | D:1      | Reached XP level 2. HP: 23/24 MP: 3/3
   456 | D:1      | Reached ** piety under Lugonu
   631 | D:2      | Reached skill level 3 in Axes
   861 | D:2      | Gained mutation: You have a somewhat thin skeletal structure (Dex +2, Stealth). [demonic ancestry]
   861 | D:2      | Reached XP level 3. HP: 29/29 MP: 4/4
  1606 | D:3      | Reached skill level 4 in Axes
  1606 | D:3      | Gained mutation: You are significantly more attuned to the shadows. [demonic ancestry]
  1606 | D:3      | Reached XP level 4. HP: 29/35 MP: 5/5
  1878 | D:3      | Reached *** piety under Lugonu
  2034 | D:3      | Found an iron altar of Okawaru.
  2611 | D:4      | Noticed an ogre
  3033 | D:4      | Reached XP level 5. HP: 41/41 MP: 6/6
  3410 | D:4      | Found a radiant altar of Vehumet.
  3446 | D:4      | Noticed Menkaure
  3459 | D:4      | Reached skill level 5 in Axes
  3470 | D:4      | Killed from afar by an orc wizard

Skill      XL: |  1  2  3  4  5 |
---------------+----------------+-----
Axes           | 2 3 4 5 |  5.1
Fighting       | |  3.0
Armour         | |  1.7
Dodging        | |  0.8
Invocations    | |  2.4

Action                   |  1- 3 |  4- 6 || total
-------------------------+-------+-------++-------
Melee: Hand axe          |   115 |       ||   115
       War axe           |    12 |   128 ||   140
Invok: Bend Space        |       |     1 ||     1
  Use: Scroll            |    10 |       ||    10
       Potion            |       |     1 ||     1
 Stab: Sleeping          |     2 |       ||     2
  Eat: Chunk             |     2 |     5 ||     7
Armor: Ring mail         |    47 |       ||    47
       Leather armour    |     3 |       ||     3
       Chain mail        |    24 |       ||    24
       Plate armour      |    23 |   109 ||   132
Dodge: Dodged            |    81 |    16 ||    97
